 Dungeon Crawl Stone Soup version 0.20.0-10-g0535bb4 (webtiles) character file.

1549 straycat the Nimble (level 8, -1/57 HPs)
             Began as a Vampire Fighter on June 6, 2017.
             Slain by a hornet (10 damage)
             ... on level 7 of the Dungeon.
             The game lasted 00:36:11 (6642 turns).

straycat the Nimble (Vampire Fighter)               Turns: 6642, Time: 00:36:11

Health: -1/57      AC: 10    Str: 17    XL:     8   Next: 57%
Magic:  8/8        EV: 18    Int: 10    God:
Gold:   489        SH:  0    Dex: 14    Spells: 7/7 levels left

rFire    . . .     SeeInvis +   x - +2 quarterstaff (chaos)
rCold    . . .     Gourm    .   (shield currently unavailable)
rNeg     + . .     Faith    .   d - +0 steam dragon scales
rPois    .         Spirit   .   (no helmet)
rElec    .         Reflect  .   y - +0 cloak
rCorr    .         Harm     .   m - +0 pair of gloves
MR       +....                  (no boots)
Stlth    ++++......             (no amulet)
Regen    0.2/turn               i - ring of protection from magic
MPRegen  0.2/turn               S - +3 ring of protection

@: slowed, very slow
A: fangs 3, see invisible, unbreathing
a: Bat Form


You were on level 7 of the Dungeon.
You were not thirsty.

You visited 1 branch of the dungeon, and saw 7 of its levels.

You collected 489 gold pieces.

Inventory:

Hand Weapons
 a - a +0 rapier
 b - a +2 spear of venom
 x - a +2 quarterstaff of chaos (weapon)
 O - a +0 arbalest
 U - a +0 dagger of chaos
 Y - a +0 war axe
Missiles
 f - 229 stones
 w - 3 throwing nets
 D - 47 arrows
 L - 2 javelins (quivered)
 M - 23 poisoned needles
 N - 9 bolts
 W - 8 tomahawks
Armour
 c - a +0 shield
 d - +0 steam dragon scales (worn)
 m - a +0 pair of gloves (worn)
 y - a +0 cloak (worn)
 T - a scarf of cloud immunity
 X - a +0 scale mail
Magical Staves
 v - an uncursed staff of death
Jewellery
 i - a ring of protection from magic (left hand)
 S - a +3 ring of protection (right hand)
Wands
 r - a wand of paralysis (10/24)
 F - a wand of lightning (8/15)
 H - a wand of disintegration (9/24)
 K - a wand of polymorph (6/24)
 Q - a wand of digging (14/24)
Scrolls
 h - 2 scrolls of magic mapping {unknown}
 j - a scroll of enchant weapon {unknown}
 k - 2 scrolls of random uselessness {unknown}
 l - a scroll of blinking {unknown}
 p - 8 scrolls of identify
 q - 5 scrolls of teleportation {unknown}
 u - a scroll of amnesia {unknown}
 z - a scroll of fog {unknown}
 A - 2 scrolls of fear {unknown}
 B - 4 scrolls of remove curse {unknown}
 G - a scroll of enchant armour {unknown}
 R - a scroll of recharging {unknown}
Potions
 e - 13 potions of blood
 g - 3 potions of curing
 n - 3 potions of mutation
 o - 3 potions of heal wounds {unknown}
 s - 2 potions of brilliance {unknown}
 t - a potion of ambrosia {unknown}
 C - a potion of magic {unknown}
 J - 3 potions of flight {unknown}
 V - a potion of berserk rage {unknown}


   Skills:
 - Level 2.6 Fighting
 - Level 2.1 Short Blades
 - Level 2.4 Armour
 - Level 10.1 Dodging
 + Level 8.2 Stealth
 - Level 2.6 Shields


You had 7 spell levels left.
You didn't know any spells.

Dungeon Overview and Level Annotations

Branches:
Dungeon (7/15)
 Temple: D:4-7

Altars:
Hepliaklqana
Makhleb
Xom
Yredelemnul


Innate Abilities, Weirdness & Mutations

You have razor-sharp teeth.
You have supernaturally acute eyesight. (SInv)
You can survive without breathing.


Message History

* * * LOW HITPOINT WARNING * * *
You are lethally poisoned!
You feel as though you will be slow longer.
The hornet stings you!
* * * LOW HITPOINT WARNING * * *
You feel as though you will be slow longer.
The hornet misses you. x2
Okay, then.
* * * LOW HITPOINT WARNING * * *
You feel sick. The hornet completely misses you.
The hornet stings you but does no damage.
As you read the scroll labeled VEUR ANYMI VUEGE, it crumbles to dust.
It is a scroll of identify.
n - 3 potions of mutation
* * * LOW HITPOINT WARNING * * *
You feel sick.
The hornet stings you but does no damage. x3
Unknown command.
It was a potion of curing.
You feel better. The hornet stings you!
You die...

..........# #..#......###.#
#.........# #.#....#..##.##
..........#####.#....##.....##
..........##.......#####.#...#
#.#..#######.......#####.#...#
#..#. #..........##.##..#
####<............#####
...........#####...# #...y@..#
###..... #.......# #....
######### .... ... ..


You could see a hornet.

Vanquished Creatures
  A steam dragon (D:7)
  A hungry ghost (D:7)
  An ogre (D:4)
  A centaur (D:6)
  A gnoll sergeant (D:6)
  A scorpion (D:5)
  A water moccasin skeleton (D:5)
  The ghost of blackwizard the Caller, a weakling TrSu of the Shining One (D:3)
  3 wights (D:6)
  6 crimson imps
  A jelly (D:7)
  Crazy Yiuf (D:2)
  2 hounds
  2 orc wizards (D:5)
  A bullfrog skeleton (D:4)
  A centaur skeleton (D:7)
  5 worker ants
  A hound skeleton (D:4)
  4 adders
  10 gnolls
  An ooze (D:1)
  An adder skeleton (D:3)
  3 worms
  A dart slug (D:1)
  A leopard gecko (D:5)
  18 orcs
  4 giant cockroaches
  5 goblins
  8 hobgoblins
  6 jackals
  4 quokkas
  5 ball pythons
  8 bats
  5 frilled lizards
  7 kobolds
  3 rats (D:1)
125 creatures vanquished.

Notes
Turn   | Place    | Note
-------+----------+-------------------------------------------
     0 | D:1      | straycat the Vampire Fighter began the quest for the Orb.
     0 | D:1      | Reached XP level 1. HP: 17/17 MP: 1/1
   167 | D:1      | Reached skill level 1 in Dodging
   511 | D:1      | Reached XP level 2. HP: 22/23 MP: 2/2
   543 | D:1      | Reached skill level 2 in Dodging
   917 | D:2      | Reached skill level 3 in Dodging
   917 | D:2      | Reached XP level 3. HP: 24/28 MP: 3/3
  1169 | D:2      | Found a runed door.
  1405 | D:2      | Noticed Crazy Yiuf
  1411 | D:2      | Killed Crazy Yiuf
  1411 | D:2      | Reached skill level 4 in Dodging
  1411 | D:2      | Reached XP level 4. HP: 33/34 MP: 4/4
  1600 | D:3      | Noticed blackwizard's ghost (weakling TrSu)
  1623 | D:3      | Killed blackwizard's ghost
  1623 | D:3      | Reached skill level 5 in Dodging
  1849 | D:3      | Reached XP level 5. HP: 27/39 MP: 5/5
  2563 | D:4      | Reached skill level 6 in Dodging
  2938 | D:4      | Found a hazy altar of Hepliaklqana.
  3001 | D:4      | Reached XP level 6. HP: 26/46 MP: 6/6
  3155 | D:4      | Reached skill level 7 in Dodging
  3634 | D:5      | Entered Level 5 of the Dungeon
  3846 | D:5      | Reached skill level 8 in Dodging
  3846 | D:5      | Reached XP level 7. HP: 51/51 MP: 7/7
  4015 | D:5      | Found a basalt altar of Yredelemnul.
  4107 | D:5      | Found a shimmering altar of Xom.
  4673 | D:5      | Reached skill level 9 in Dodging
  5020 | D:6      | HP: 2/51 [gnoll sergeant/spear (9)]
  5457 | D:6      | Reached skill level 10 in Dodging
  5457 | D:6      | Reached XP level 8. HP: 51/57 MP: 8/8
  5517 | D:6      | Reached skill level 1 in Stealth
  5978 | D:7      | Reached skill level 5 in Stealth
  6523 | D:7      | Found a burning altar of Makhleb.
  6620 | D:7      | Noticed a hornet
  6630 | D:7      | Paralysed by a hornet for 1 turns
  6642 | D:7      | Slain by a hornet

Skill      XL: |  1  2  3  4  5  6  7  8 |
---------------+-------------------------+-----
Dodging        | 1 3 4 5 6 8 10 | 10.1
Stealth        | 8 |  8.2
Fighting       | |  2.6
Short Blades   | |  2.1
Armour         | |  2.4
Shields        | |  2.6

Action                   |  1- 3 |  4- 6 |  7- 9 || total
-------------------------+-------+-------+-------++-------
Melee: Rapier            |   128 |       |       ||   128
       Bite              |     9 |    14 |    25 ||    48
       Quarterstaff      |       |   131 |   165 ||   296
       Dagger            |       |       |    11 ||    11
 Fire: Arbalest          |       |       |    14 ||    14
Throw: Javelin           |       |       |     2 ||     2
 Abil: End Transformatio |       |       |     1 ||     1
       Bat Form          |       |       |     1 ||     1
  Use: Potion            |     2 |     9 |     6 ||    17
       Scroll            |       |       |     1 ||     1
 Stab: Sleeping          |       |     5 |       ||     5
       Petrified         |       |     1 |     2 ||     3
       Confused          |       |     1 |       ||     1
       Paralysed         |       |       |     5 ||     5
       Petrifying        |       |       |     1 ||     1
  Eat: Corpse            |       |       |     2 ||     2
Armor: Scale mail        |    30 |       |    40 ||    70
       Leather armour    |    29 |    24 |       ||    53
       Ring mail         |       |    11 |    32 ||    43
       Steam dragon scal |       |       |    10 ||    10
Dodge: Dodged            |   102 |    98 |   213 ||   413
